Map: Berlingrad LE

Players

Panthera

  • Race: Terran Terran
  • League: Gold
  • Spawn Location: 11:00

jamestkirk - Winner!

  • Race: Terran Terran
  • League: Gold
  • Spawn Location: 5:00

VOD

Have the link to the VOD?

Description

Time

  • Played on: Oct. 26, 2021, 6:07 p.m.
  • Length: 17:30
Show
View Real Time Build Order
Export as new Build Order

Panthera Terran 

Build Orders: 2 Factory 

Get SALT Encoding   

  12  0:04  SCV  
  13  0:19  SCV, Supply Depot  
  14  0:31  SCV  
  15  0:41  Barracks  
  15  0:43  SCV  
  16  0:52  Barracks  
  16  0:57  Refinery  
  16  1:01  SCV  
  17  1:13  SCV  
  18  1:19  Barracks  
  18  1:26  SCV  
  18  1:29  Supply Depot  
  19  1:38  SCV  
  20  1:42  Marine  
  20  1:46  Marine  
  22  1:51  Orbital Command  
  21  2:06  Barracks Tech Lab  
  21  2:09  Barracks Tech Lab  
  21  2:10  Barracks Reactor  
  21  2:14  Refinery  
  21  2:17  SCV  
  22  2:29  SCV  
  23  2:34  Marine x2  
  25  2:42  SCV  
  26  2:49  Factory  
  26  2:52  Marine x2  
  26  2:53  Supply Depot  
  26  2:56  Supply Depot  
  28  3:01  Engineering Bay  
  28  3:08  SCV  
  28  3:09  Factory  
  28  3:10  Marine  
  30  3:13  Marine  
  30  3:16  Marine  
  32  3:20  Marine  
  33  3:36  Factory Tech Lab  
  33  3:37  Starport  
  33  3:45  Stimpack  
  33  3:50  Marine x3  
  33  3:51  Marine  
  33  3:55  Factory Tech Lab  
  37  4:01  SCV  
  38  4:08  Marine  
  42  4:10  Siege Tank  
  42  4:21  Supply Depot  
  42  4:28  Hellion  
  42  4:29  Marine x3  
  47  4:33  Starport Reactor  
  47  4:43  Marine  
  47  4:44  Supply Depot  
  48  4:53  Marine  
  48  4:54  Marine x2  
  51  5:00  Marine  
  52  5:08  Supply Depot  
  52  5:09  Medivac  
  52  5:10  Medivac  
  52  5:11  Marine  
  57  5:20  SCV, Starport  
  58  5:21  Marine  
  58  5:22  Marine x2  
  58  5:27  Hellion  
  63  5:34  Hellion  
  65  5:40  Infernal Pre-Igniter  
  65  5:52  Medivac  
  67  6:04  Hellion  
  69  6:05  Hellion  
  69  6:10  Supply Depot  
  71  6:17  Starport Tech Lab  
  71  6:33  Supply Depot  
  71  6:36  Command Center  
  71  6:39  SCV  
  72  6:47  Supply Depot  
  72  6:51  SCV  
  45  8:08  Orbital Command  
  45  8:18  SCV  
  45  8:19  Command Center  
  46  8:30  SCV  
  46  8:32  Command Center  
  46  8:33  Siege Tank x2  
  53  8:39  Viking  
  53  8:41  Viking  
  59  8:42  SCV  
  59  8:46  SCV  
  59  8:47  Raven  
  61  8:50  Marine x2  
  61  8:53  Marine  
  61  8:54  SCV  
  61  8:55  Marine  
  66  9:05  Siege Tank  
  66  9:06  SCV  
  66  9:08  Marine  
  71  9:35  Marine x4  
  75  9:38  Medivac x3  
  75  9:45  Orbital Command  
  81  9:49  Orbital Command  
  81  9:52  Marine  
  81  9:53  Marine x3  
  85  10:03  Refinery  
  85  10:05  Refinery  
  85  10:08  SCV x2, Medivac  
  85  10:12  Missile Turret  
  89  10:20  SCV x2, Missile Turret  
  91  10:26  Supply Depot  
  91  10:32  SCV x2  
  91  10:33  Missile Turret  
  93  10:41  Starport  
  93  10:42  Fusion Core  
  93  10:44  SCV x2, Missile Turret  
  93  10:49  Armory, Supply Depot  
  95  10:56  SCV x2, Missile Turret  
  97  10:58  Supply Depot  
  97  11:01  SCV x2  
  99  11:05  Missile Turret  
  99  11:08  SCV  
  99  11:09  SCV  
  99  11:10  Refinery  
  101  11:13  SCV x2  
  101  11:14  Refinery  
  101  11:17  Refinery  
  103  11:19  Missile Turret  
  103  11:20  SCV  
  104  11:30  Sensor Tower  
  104  11:41  Sensor Tower  
  104  11:42  Missile Turret  
  104  11:52  Missile Turret  
  104  11:53  Marauder x2  
  104  11:54  Marine x2  
  109  12:00  Factory  
  110  12:06  Factory  
  110  12:08  Siege Tank x2  
  116  12:11  Marine  
  116  12:12  Marine  
  116  12:14  Marauder x2, SCV  
  116  12:15  SCV x3  
  126  12:19  Refinery  
  126  12:26  SCV  
  126  12:27  SCV x3  
  126  12:29  Marine x2  
  131  12:32  Barracks  
  131  12:34  Barracks  
  132  12:38  Barracks  
  132  12:39  SCV x4  
  136  12:46  Sensor Tower  
  136  13:06  Missile Turret  
  136  13:08  Weapon Refit, Command Center  
  136  13:14  Armory  
  136  13:18  Supply Depot  
  136  13:22  Supply Depot  
  136  13:26  Armory  
  136  13:28  Missile Turret  
  136  13:30  Engineering Bay  
  136  13:32  Mag-Field Accelerator  
  136  13:33  Drilling Claws  
  136  13:37  Factory Tech Lab x2  
  136  13:41  Supply Depot  
  136  13:43  Barracks Tech Lab x3  
  136  13:50  Starport Tech Lab, Missile Turret  
  136  13:58  Viking  
  136  13:59  Viking  
  142  14:05  Raven  
  142  14:08  Neosteel Armor, Hi-Sec Auto Tracking  
  142  14:12  Missile Turret  
  139  14:24  Siege Tank x2  
  139  14:25  Siege Tank  
  147  14:48  Rapid Reignition System  
  81  15:04  Siege Tank x3  
  81  15:05  Siege Tank  
  88  15:08  Marauder x5  
  88  15:09  Marine x2  
  89  15:27  Marine x2  
  91  15:29  Marauder, Marine x4  
  77  15:45  Marine  
  70  15:59  Viking x2  
  70  16:00  Viking x2  
  78  16:14  Marine  
  78  16:15  Marine x6  
  85  16:29  Viking x2  
  85  16:30  Viking  
  85  16:32  Marine x3  
  89  16:33  Marine x3  
Show
View Real Time Build Order
Export as new Build Order

jamestkirk Terran - Winner!

Build Orders:  

Get SALT Encoding   

  12  0:01  SCV  
  13  0:13  SCV  
  14  0:19  Supply Depot  
  14  0:25  SCV  
  15  0:40  SCV  
  15  0:42  Barracks  
  16  0:55  SCV  
  17  1:00  Refinery  
  17  1:07  SCV  
  18  1:19  SCV  
  19  1:48  Marine  
  19  1:49  Orbital Command  
  19  1:53  Command Center  
  20  2:00  Supply Depot  
  19  2:12  Marine  
  20  2:19  Factory  
  20  2:22  SCV  
  21  2:34  SCV  
  22  2:39  Barracks Reactor  
  22  2:46  SCV  
  22  2:48  Refinery  
  23  2:58  SCV  
  24  3:08  Barracks  
  24  3:10  SCV, Factory Tech Lab  
  25  3:12  Orbital Command  
  25  3:22  Marine  
  25  3:23  SCV, Marine  
  28  3:35  SCV, Bunker  
  28  3:38  SCV  
  30  3:41  Siege Tank  
  30  3:45  Marine x2  
  30  3:47  SCV  
  36  3:50  SCV  
  37  3:59  SCV, Barracks Tech Lab  
  37  4:02  SCV  
  39  4:04  Starport  
  39  4:11  SCV, Marine x2  
  39  4:14  SCV, Siege Tank  
  46  4:41  Supply Depot  
  46  4:43  Supply Depot  
  46  4:46  SCV x2, Marine x2  
  46  4:52  Starport Reactor  
  50  4:56  Marine  
  50  4:58  SCV x2  
  50  4:59  Stimpack  
  53  5:11  SCV x2  
  55  5:23  SCV x2, Marine x3  
  55  5:25  Siege Tank  
  55  5:26  Command Center  
  63  5:35  SCV x2, Medivac x2  
  69  5:41  Supply Depot  
  69  5:44  Supply Depot  
  69  5:47  SCV  
  70  5:56  Supply Depot  
  70  6:03  SCV x2  
  72  6:15  SCV x2  
  74  6:25  Marine x3  
  76  6:27  SCV x2, Siege Tank  
  82  6:39  SCV  
  83  6:45  Engineering Bay, Medivac  
  83  6:46  Engineering Bay, Medivac  
  87  6:47  Marine x3  
  87  6:49  SCV  
  87  6:51  SCV  
  92  7:00  Orbital Command  
  92  7:02  SCV  
  92  7:03  SCV  
  92  7:08  Marine x3  
  95  7:14  SCV  
  93  7:15  SCV  
  87  7:25  Marine  
  87  7:26  SCV, Marine x2  
  91  7:34  SCV  
  90  7:38  SCV  
  90  7:43  Marine x2  
  93  7:44  Marine  
  93  7:46  SCV  
  93  7:50  SCV  
  84  8:04  Marine x3  
  87  8:07  Medivac x2  
  91  8:22  Marine  
  91  8:25  Orbital Command  
  92  8:33  Marine  
  93  8:49  Barracks  
  93  8:50  Barracks  
  93  8:52  Barracks x3  
  93  8:54  Barracks  
  93  8:56  Barracks x2  
  93  9:15  Marine  
  93  9:16  Marine  
  93  9:17  Marine  
  76  9:33  Marine  
  76  9:34  Marine  
  76  9:35  Marine  
  79  9:39  Refinery  
  79  9:44  Refinery  
  79  9:51  Marine  
  79  9:52  Barracks Reactor, Marine x2  
  81  9:58  Command Center  
  82  10:00  Refinery  
  82  10:04  Barracks Reactor  
  82  10:09  Marine  
  82  10:10  Marine x2  
  85  10:18  SCV x3, Refinery  
  85  10:19  Refinery  
  88  10:28  Barracks Reactor x2  
  88  10:29  Barracks Reactor  
  88  10:30  SCV x3  
  88  10:31  Marine x2  
  93  10:39  Supply Depot  
  93  10:40  Missile Turret  
  93  10:41  Supply Depot  
  93  10:43  Terran Infantry Weapons Level 1  
  93  11:00  SCV x2, Marine x6  
  93  11:02  Supply Depot  
  93  11:03  Supply Depot  
  93  11:04  Supply Depot  
  101  11:05  Supply Depot, Marine x5  
  101  11:06  Marine  
  101  11:08  Armory, Medivac  
  101  11:09  Medivac  
  111  11:18  Marine x2  
  111  11:21  Missile Turret  
  113  11:27  SCV x3  
  113  11:28  Marine x10  
  113  11:31  Planetary Fortress  
  126  11:36  Marine  
  126  11:37  Terran Infantry Armor Level 1  
  126  11:39  SCV x3  
  130  11:45  Medivac x2  
  134  11:48  Marine x10  
  134  11:51  SCV x3  
  148  11:55  Barracks Reactor  
  148  11:57  Barracks Reactor  
  147  12:01  Barracks Reactor  
  147  12:03  SCV  
  147  12:07  Barracks Tech Lab  
  148  12:14  SCV x3  
  148  12:15  SCV  
  152  12:16  Marine  
  152  12:17  Marine x11  
  164  12:26  SCV x2  
  164  12:28  Supply Depot  
  166  12:32  Supply Depot x2  
  166  12:34  Marine x4  
  170  12:37  Supply Depot  
  170  12:39  SCV x3  
  170  12:40  SCV  
  174  12:45  Terran Infantry Weapons Level 2  
  174  12:48  Terran Vehicle Weapons Level 1  
  174  12:51  SCV x3  
  175  12:52  SCV  
  178  13:03  SCV x2  
  180  13:06  Medivac x2  
  180  13:08  Command Center  
  180  13:10  Marine x6  
  180  13:11  Marine x3  
  180  13:12  Marine x6  
  198  13:13  Marine  
  200  13:51  Barracks  
  200  13:52  Barracks x2  
  200  13:55  Barracks  
  200  14:02  Barracks  
  199  14:10  Terran Infantry Armor Level 2  
  198  14:52  Marine x13  
  168  14:53  Marine x6  
  166  15:05  Medivac x2  
  170  15:10  Marine x5  
  170  15:11  Marine x7  
  170  15:12  Marine x7  
  189  15:17  Barracks Tech Lab  
  189  15:18  Barracks Tech Lab x2  
  186  15:27  Marine  
  186  15:28  Marine x4  
  180  15:29  Marine x2  
  180  15:34  Marine x14  
  175  15:35  Marine  
  175  15:38  Marine  
  170  15:45  Marine  
  170  15:46  Marine x4  
  170  15:47  Marine x2  
  170  15:49  Marine  
  171  15:51  Marine  
  171  15:52  Marine x13  
  171  15:53  Marine  
  171  15:56  Marine  
  177  16:03  Marine x2  
  170  16:15  Marine x4  
  170  16:16  Marine x17  
  170  16:17  Marine  
  192  16:21  Marine x2  
  190  16:37  Marine  
  183  16:41  Marine x11  
  183  16:42  Marine x9  
  183  16:43  Marine x3  
  192  16:57  Marine  
  192  16:59  Marine x7  
Tags
 
League
GoldGold
Matchup
TvT
Opening
2 Factory
Race
Terran
Spawn Locations
Cross Positions
Add a new tag
Caveats
  • Supply blocks, unpowered buildings, or Contaminate may cause inaccurate times.
  • Supply counts are checked every 10 seconds.